 Dungeon Crawl Stone Soup version 0.22-a0-247-gbddf880757 (webtiles) character file.

177 Peterchen the Chopper (level 5, -3/45 HPs)
             Began as a Minotaur Berserker on Feb 24, 2018.
             Was a Believer of Trog.
             Slain by Grinder (9 damage)
             ... while paralysed by Grinder
             ... on level 4 of the Dungeon.
             The game lasted 00:03:27 (1829 turns).

Peterchen the Chopper (Minotaur Berserker)          Turns: 1829, Time: 00:03:28

Health: -3/45      AC:  3    Str: 22    XL:     5   Next: 31%
Magic:  4/4        EV:  2    Int:  4    God:    Trog [**....]
Gold:   133        SH:  0    Dex: 10    Spells: 4/4 levels left

rFire    . . .     SeeInvis .   a - +0 hand axe
rCold    . . .     Gourm    .   (no shield)
rNeg     + . .     Faith    .   f - +0 leather armour
rPois    .         Spirit   .   (helmet restricted)
rElec    .         Reflect  .   (no cloak)
rCorr    .         Harm     .   (no gloves)
MR       .....                  (no boots)
Stlth    +.........             (no amulet)
HPRegen  0.15/turn              i - ring of positive energy
MPRegen  0.09/turn              (no ring)

@: paralysed, berserk cooldown, slowed
A: retaliatory headbutt, horns 2
a: Berserk, Trog's Hand, Renounce Religion


You were on level 4 of the Dungeon.
You worshipped Trog.
Trog was pleased with you.
You were hungry.

You visited 1 branch of the dungeon, and saw 4 of its levels.

You collected 133 gold pieces.

Inventory:

Hand Weapons
 a - a +0 hand axe (weapon)
Armour
 f - a +0 leather armour (worn)
Jewellery
 i - a ring of positive energy (left hand)
Scrolls
 b - a scroll of noise {unknown}
 e - 4 scrolls of identify {unknown}
 g - a scroll of fear {unknown}
 h - a scroll of enchant weapon {unknown}
 k - 2 scrolls of remove curse {unknown}
 p - a scroll of enchant armour {unknown}
Potions
 d - 2 potions of might {unknown}
 j - a potion of brilliance {unknown}
 m - 2 potions of curing {unknown}
 n - a potion of ambrosia {unknown}
 o - a potion of magic {unknown}
Comestibles
 c - 3 rations
 l - 14 chunks of flesh


   Skills:
 - Level 3.6 Fighting
 * Level 7.3 Axes
 - Level 2.4 Armour
 - Level 2.1 Dodging


You had 4 spell levels left.
You didn't know any spells.

Dungeon Overview and Level Annotations

Branches:
Dungeon (4/15)
 Temple: D:4-7

Altars:
Ashenzari
Kikubaaqudgha
Qazlal
Sif Muna

Annotations:
D:4 Grinder


Innate Abilities, Weirdness & Mutations

You reflexively headbutt those who attack you in melee.
You have a pair of horns on your head.


Message History

There is a stone staircase leading down, spattered with blood here.
You barely miss Grinder.
Grinder is severely wounded.
Grinder hits you.
* * * LOW HITPOINT WARNING * * *
You writhe in agony.
* * * LOW HITPOINT WARNING * * *
Grinder hits you but does no damage. Grinder barely misses you.
Some of the chunks of flesh in your inventory have rotted away.
You climb downwards.
Found a stone staircase leading down.
There is a stone staircase leading up here.
Grinder gestures at you.
You barely resist.
There is a stone staircase leading down here.
Grinder gestures at you.
You suddenly lose the ability to move!
Grinder hits you!
You die...

## .. .# .# .#
.## #####.#
....#.....#
........<######
.......@5.......
#.###.##########
#


You could see Grinder.

Vanquished Creatures
  An orc priest (D:3)
  An orc wizard (D:3)
  A worker ant (D:3)
  4 adders
  2 dart slugs
  2 leopard geckos
  4 orcs (D:3)
  5 giant cockroaches
  7 goblins
  7 hobgoblins
  4 jackals (D:3)
  6 kobolds
  2 ball pythons
  A bat (D:1)
  3 frilled lizards
  A rat (D:1)
51 creatures vanquished.

Notes
Turn   | Place    | Note
-------+----------+-------------------------------------------
     0 | D:1      | Peterchen the Minotaur Berserker began the quest for the Orb.
     0 | D:1      | Reached XP level 1. HP: 19/19 MP: 0/0
   105 | D:1      | Reached skill level 4 in Axes
   283 | D:1      | Reached XP level 2. HP: 26/26 MP: 1/1
  1002 | D:2      | Reached skill level 5 in Axes
  1002 | D:2      | Reached XP level 3. HP: 29/31 MP: 2/2
  1132 | D:2      | Found an ancient bone altar of Kikubaaqudgha.
  1208 | D:2      | Found a stormy altar of Qazlal.
  1356 | D:2      | Reached ** piety under Trog
  1592 | D:3      | Reached skill level 6 in Axes
  1592 | D:3      | Reached XP level 4. HP: 39/39 MP: 3/3
  1616 | D:3      | Found a deep blue altar of Sif Muna.
  1732 | D:3      | Found a shattered altar of Ashenzari.
  1755 | D:3      | Reached XP level 5. HP: 45/45 MP: 4/4
  1761 | D:3      | Reached skill level 7 in Axes
  1796 | D:3      | Noticed Grinder
  1828 | D:4      | Paralysed by Grinder for 6 turns
  1829 | D:4      | Slain by Grinder

Vault maps used:
D:1:      sevenhm_arrival_forest_fort_large_2, wad_floor_pattern_untrapped
D:2:      marbit_many_paths, lemuel_crystal_altar, first_ration
D:3:      ashenzari_altar_1, nicolae_overflow_hidden_temple, minivault_11,
          uniq_grinder
D:4:      grunt_dithmenos_smoke, gammafunk_temple_overflow_forgotten,
          uniq_sigmund

Skill      XL: |  1  2  3  4  5 |
---------------+----------------+-----
Axes           | 4 5 6 7 |  7.3
Fighting       | |  3.6
Armour         | |  2.4
Dodging        | |  2.1

Action                   |  1- 3 |  4- 6 || total
-------------------------+-------+-------++-------
Melee: Hand axe          |    60 |    47 ||   107
       Headbutt          |    17 |     9 ||    26
Invok: Berserk           |       |     1 ||     1
  Eat: Chunk             |     2 |     1 ||     3
Armor: Animal skin       |     2 |       ||     2
       Leather armour    |     8 |     9 ||    17
Dodge: Dodged            |    32 |    24 ||    56

Table legend:
 A = Spawn XP
 B = Non-spawn XP
 C = Spawn XP percentage of total XP
 D = Spawn monster count
 E = Non-spawn monster count
 F = Spawn count percentage of total count
 G = Total turns spent on level
                    A         B        C        D         E        F      G
               +---------+---------+-------+---------+---------+-------+---------
         Total |       0 |     254 |   0.0 |       0 |      51 |   0.0 |  1829
               +---------+---------+-------+---------+---------+-------+---------
           D:1 |       0 |      28 |   0.0 |       0 |      15 |   0.0 |   867
           D:2 |       0 |      56 |   0.0 |       0 |      11 |   0.0 |   706
           D:3 |       0 |     170 |   0.0 |       0 |      25 |   0.0 |   253
               +---------+---------+-------+---------+---------+-------+---------
